 Dungeon Crawl Stone Soup version 0.29.1-1-gd02db6906a (webtiles) character file.

Game seed: 15742379409867292891

2442 LustLizard the Skirmisher (level 9, -7/42 (52) HPs)
             Began as a Deep Elf Arcane Marksman on Oct 18, 2022.
             Was an Initiate of Cheibriados.
             Mangled by Menkaure (12 damage)
             ... on level 6 of the Dungeon.
             The game lasted 00:21:24 (10211 turns).

LustLizard the Skirmisher (DEAM)                   Turns: 10211, Time: 00:21:24

HP:   -7/42 (52)    AC:  8    Str:  8    XL:     9   Next: 25%
MP:   19/21         EV: 10    Int: 20    God:    Cheibriados [......]
Gold: 414           SH:  0    Dex: 20    Spells: 13/21 levels left

rFire   . . .      SeeInvis .   a - +1 sling
rCold   . . .      Faith    .   (no shield)
rNeg    . . .      Spirit   .   n - +0 ring mail
rPois   .          Reflect  .   s - +1 helmet
rElec   .          Harm     .   E - scarf {+Inv}
rCorr   .          Rampage  .   (no gloves)
Will    .....                   k - +0 pair of boots
Stlth   +++.......              (no amulet)
HPRegen 0.14/turn               (no ring)
MPRegen 0.17/turn               (no ring)

@: very slightly contaminated, heavily drained, invisible, very slow
A: no striking features
a: Renounce Religion, Evoke Invisibility


You were on level 6 of the Dungeon.
You worshipped Cheibriados.
Cheibriados was noncommittal.
You visited 2 branches of the dungeon, and saw 8 of its levels.
You also visited: Ossuary.

You collected 414 gold pieces.

Inventory:

Hand Weapons
 a - a +1 sling (weapon)
Missiles
 j - a throwing net
Armour
 c - a +0 robe
 k - a +0 pair of boots (worn)
 n - a +0 ring mail (worn)
 q - a scarf of repulsion
 s - a +1 helmet (worn)
 E - a scarf of invisibility (worn)
Jewellery
 H - a ring of ice
 J - a ring of fire
Wands
 t - a wand of flame (6)
 z - a wand of digging (5)
 F - a wand of roots (10)
 G - a wand of polymorph (22)
Scrolls
 b - a scroll of poison
 e - 3 scrolls of enchant armour
 i - 2 scrolls of vulnerability {unknown}
 m - 2 scrolls of blinking {unknown}
 o - a scroll of teleportation {unknown}
 r - 2 scrolls of fear {unknown}
 v - 2 scrolls of brand weapon {unknown}
 w - 2 scrolls of enchant weapon {unknown}
 x - a scroll of torment {unknown}
 y - 2 scrolls of magic mapping {unknown}
 A - 2 scrolls of amnesia {unknown}
 B - a scroll of fog {unknown}
 D - a scroll of acquirement {unknown}
Potions
 d - a potion of resistance
 f - a potion of haste
 g - 3 potions of flight
 h - a potion of curing
 l - 2 potions of lignification
 p - 3 potions of brilliance
 u - 3 potions of cancellation
 C - a potion of ambrosia
 I - 3 potions of heal wounds


   Skills:
 + Level 4.0 Fighting
 * Level 9.8 Ranged Weapons
 - Level 2.4 Dodging
 - Level 6.0 Stealth
 + Level 6.7 Spellcasting
 * Level 2.0 Conjurations
 - Level 6.0 Hexes
 - Level 4.0 Fire Magic


You had 13 spell levels left.
You knew the following spells:

 Your Spells              Type           Power      Damage    Failure   Level
a - Slow                  Hex            100%       N/A       2%          1
b - Inner Flame           Hex/Fire       26%        N/A       12%         3
c - Fulminant Prism       Conj/Hex       11%        3d9       50%         4

Your spell library contained the following spells:

 Spells                   Type           Power      Damage    Failure   Level
 Portal Projectile        Hex/Tloc       36%        N/A       26%         3
 Cause Fear               Hex            15%        N/A       26%         4
 Gell's Gravitas          Tloc           6%         N/A       65%         3
 Teleport Other           Tloc           6%         N/A       65%         3
 Iskenderun's Mystic Bla  Conj/Tloc      10%        2d4       89%         4
 Lee's Rapid Deconstruct  Erth           3%         3d6*      100%        5
 Dispersal                Tloc           3%         N/A       100%        6


Dungeon Overview and Level Annotations

Branches:
Dungeon (7/15)             Temple (1/1) D:5         Ossuary (visited)

Altars:
Ashenzari
Cheibriados
Dithmenos
Elyvilon
Fedhas
Gozag
Nemelex Xobeh
Qazlal
Ru
Sif Muna
Vehumet
Wu Jian
Xom
Yredelemnul
Zin

Shops:
D:5 =

Annotations:
D:6 Menkaure


Message History

Menkaure struggles to resist.
A skeletal warrior comes into view. It is wielding a +0 battleaxe.
Menkaure attacks as you move away! Menkaure closely misses you.
Menkaure mumbles some strange words.
Menkaure seems to speed up.
Okay, then.
Menkaure attacks as you move away! Menkaure closely misses you.
Menkaure hits you. Menkaure attacks as you move away! Menkaure hits you.
Menkaure's ankle releases a plume of dust as he confides, "I'm not really a mummy, you know."
Menkaure casts a spell at you. Pain shoots through your body!
Menkaure points at you and mumbles some strange words.
Pain shoots through your body!
Menkaure calls on the powers of darkness!
Your body is wracked with pain!
Menkaure murmurs, "It doesn't hurt if you pull your brain out of your nose yourself."
Menkaure barely misses you. Menkaure attacks as you move away!
Menkaure barely misses you.
Menkaure calls on the powers of darkness!
Your body is wracked with pain!
* * * LOW HITPOINT WARNING * * *
Menkaure attacks as you move away! Menkaure barely misses you.
Menkaure hits you but does no damage.
There is an escape hatch in the ceiling here.
Menkaure barely misses you. A mysterious force pulls you upwards.
The hatch slams shut behind you.
Okay, then.
Okay, then.
You feel drained.
You fail to use your ability.
Menkaure casts a spell at you. You resist with significant effort.
You feel drained.
You fade into invisibility!
You are very lightly contaminated with residual magic.
Menkaure barely misses you. Menkaure hits you!
* * * LOW HITPOINT WARNING * * *
Menkaure hits you!
You die...

##.# ####### #.# ##.# #.....#
#.### ##.###.....######...#
#...............'...############
######.....######..............#
#...)...........#....#########.#
#.#############.#....####....#.##
................M................
#.#.#.##........@.#..####.##.....
#.#.#.##.########.#.......##.....
#.#.#.##.########.#.########.....
....#.#..................# #.....
....#.###########<#.####.# #.....
..#.#.#############.# #)# #.....
#.#.#...............####.###.....
###.....######.............#.....
...####.# #.#########.#.#.....


You could see Menkaure (fast).

Vanquished Creatures
  Grinder (D:6)
  Edmund (D:5)
  Duvessa (D:5)
  An ice beast (D:6)
  A black bear (D:5)
  4 ogres
  4 phantoms
  A kobold brigand (D:7)
  2 bullfrogs
  A necrophage (D:5)
  A water moccasin zombie (D:6)
  2 scorpions
  Dowan (D:5)
  A howler monkey (D:6)
  4 centaur zombies
  A bullfrog zombie (D:6)
  2 hounds
  2 jellies
  A gnoll bouda (D:5)
  2 iguanas
  An orc wizard (D:4)
  A killer bee zombie (D:6)
  6 mummies
  A howler monkey zombie (D:6)
  9 adders
  3 gnolls (D:2)
  A white imp (D:7)
  A worm (D:2)
  2 dart slugs
  9 orcs
  3 ball pythons
  9 endoplasms
  3 giant cockroaches
  3 goblins
  12 hobgoblins
  8 jackals
  8 kobolds
  3 quokkas
  6 bats
  3 frilled lizards
  4 gnoll zombies (Ossuary)
  2 hobgoblin zombies (Ossuary)
  7 rats
139 creatures vanquished.

Vanquished Creatures (others)
  11 withered plants (D:7)
11 creatures vanquished.

Grand Total: 150 creatures vanquished

Notes
Turn   | Place    | Note
-------+----------+-------------------------------------------
     0 | D:1      | LustLizard the Deep Elf Arcane Marksman began the quest for
                  | the Orb.
     0 | D:1      | Reached XP level 1. HP: 11/11 MP: 5/5
    63 | D:1      | Reached skill level 3 in Ranged Weapons
    70 | D:1      | Reached skill level 1 in Fighting
    73 | D:1      | Reached XP level 2. HP: 16/16 MP: 6/6
   153 | D:1      | Reached skill level 1 in Stealth
   637 | D:2      | Reached XP level 3. HP: 20/20 MP: 8/8
   659 | D:2      | Learned a level 3 spell: Inner Flame
   800 | D:2      | Reached skill level 4 in Ranged Weapons
   805 | D:2      | Reached XP level 4. HP: 24/25 MP: 9/9
   965 | D:2      | Found a faded altar of an unknown god.
  1400 | D:2      | Found a basalt altar of Yredelemnul.
  1869 | D:3      | Noticed a phantom
  1946 | D:3      | Killed a phantom
  1947 | D:3      | Reached skill level 5 in Ranged Weapons
  1947 | D:3      | Reached skill level 1 in Fire Magic
  1947 | D:3      | Reached XP level 5. HP: 23/30 MP: 8/11
  2806 | D:4      | Found a sand-covered staircase.
  3009 | Ossuary  | Entered an ossuary
  3055 | Ossuary  | Reached XP level 6. HP: 35/35 MP: 13/13
  3872 | D:4      | Reached skill level 6 in Ranged Weapons
  3896 | D:4      | Found a shimmering blue altar of Sif Muna.
  4421 | D:5      | Entered Level 5 of the Dungeon
  4609 | D:5      | Found a staircase to the Ecumenical Temple.
  4611 | D:5      | Noticed Edmund
  4714 | D:5      | Reached XP level 7. HP: 40/40 MP: 15/15
  4741 | D:5      | Found a sparkling altar of Nemelex Xobeh.
  5009 | D:5      | Noticed Duvessa
  5009 | D:5      | Noticed Dowan
  5013 | D:5      | Reached skill level 7 in Ranged Weapons
  5029 | D:5      | Killed Dowan
  5043 | D:5      | Killed Duvessa
  5351 | D:5      | Found Loer's Jewellery Shoppe.
  5462 | D:4      | Reached XP level 8. HP: 35/45 MP: 17/17
  5582 | D:5      | Reached skill level 5 in Spellcasting
  5582 | D:5      | Reached skill level 5 in Hexes
  5865 | Temple   | Entered the Ecumenical Temple
  6158 | Temple   | Became a worshipper of Cheibriados the Contemplative
  6465 | D:5      | Killed Edmund
  6466 | D:5      | Reached skill level 8 in Ranged Weapons
  6466 | D:5      | Reached skill level 5 in Stealth
  7346 | D:6      | Noticed Grinder
  7367 | D:6      | Killed Grinder
  7610 | D:6      | Reached skill level 9 in Ranged Weapons
  7790 | D:6      | Found a basalt altar of Yredelemnul.
  7836 | D:6      | Reached XP level 9. HP: 37/52 MP: 20/20
  8173 | D:6      | Found a stormy altar of Qazlal.
  8600 | D:6      | Learned a level 4 spell: Fulminant Prism
  8953 | D:6      | Reached skill level 1 in Conjurations
 10190 | D:7      | Noticed Menkaure
 10191 | D:7      | Noticed a skeletal warrior
 10211 | D:6      | Mangled by Menkaure

Illustrated notes

Levels and vault maps discovered:
D:1:      tarquinn_simple_flora_water_e, layout_basic
D:2:      layout_basic, basic_altar, basic_ecumenical_altar
D:3:      layout_basic
D:4:      layout_rooms, old_standard_altar, gup_ossuary_entry_pyramid
D:5:      minmay_skewed_foursquare, layout_gridville, general_overflow_altar,
          minmay_temple_entry_junction_2, serial_shops, nicolae_lakefront_shop,
          uniq_edmund, uniq_duvessa
D:6:      layout_basic, nicolae_yredelemnul_corpse_copse,
          nicolae_qazlal_style_of_elements, uniq_grinder
D:7:      layout_basic, kiku_gazebo_garden_becter, nicolae_uskayaw_dance_hall,
          guppyfry_shop_venom, uniq_joseph, uniq_menkaure, uniq_pikel
Temple:   jpeg_temple_clearing

Skill      XL: |  1  2  3  4  5  6  7  8  9 |
---------------+----------------------------+-----
Ranged Weapons | 3 4 5 6 7 9 |  9.8
Fighting       | 1 2 3 4 |  4.0
Stealth        | 1 2 3 4 6 |  6.0
Spellcasting   | 2 3 4 6 |  6.7
Fire Magic     | 1 2 3 4 |  4.0
Hexes          | 6 |  6.0
Conjurations   | 2 |  2.0
Dodging        | |  2.4

Action                   |  1- 3 |  4- 6 |  7- 9 || total
-------------------------+-------+-------+-------++-------
Melee: Unarmed           |       |       |    11 ||    11
 Fire: Sling             |   103 |   280 |   451 ||   834
 Cast: Slow              |       |    20 |    22 ||    42
 Abil: Evoke Invisibilit |       |       |     2 ||     2
  Use: Scroll            |       |     1 |     4 ||     5
       Potion            |       |       |     7 ||     7
 Stab: Confused          |       |       |     1 ||     1
Armor: Robe              |    13 |     7 |       ||    20
       Ring mail         |       |    61 |   162 ||   223
       Skin              |       |       |    10 ||    10
Dodge: Dodged            |    37 |    88 |   158 ||   283
